 Dungeon Sprint DCSS version 0.27.0-1-g7a089689b8 (webtiles) character file.

Game seed: 10649243039891907018

1553 Groucho the Imperceptible (level 8, -10/43 HPs)
             Began as a Felid Berserker on Aug 1, 2021.
             Was a High Priest of Trog.
             Engulfed by a cloud of freezing vapour (19 damage)
             ... in the Dungeon (Sprint I: "Red Sonja").
             The game lasted 00:05:11 (905 turns).

Groucho the Imperceptible (Felid Berserker)          Turns: 905, Time: 00:05:12

Health: -10/43     AC:  2    Str: 13    XL:     8   Next: 57%
Magic:  9/9        EV: 27    Int:  8    God:    Trog [*****.]
Gold:   729        SH:  0    Dex: 19    Spells: 7/7 levels left
                                        Lives:  0   Deaths: 2

rFire    . . .     SeeInvis +     - Unarmed
rCold    . . .     Faith    .   (shield unavailable)
rNeg     . . .     Spirit   .   (armour unavailable)
rPois    .         Reflect  .   (helmet unavailable)
rElec    .         Harm     .   (cloak unavailable)
rCorr    .         Rampage  .   (gloves unavailable)
Will     +....     NoTele   +   (boots unavailable)
Stlth    ++++++++..             (no amulet)
HPRegen  0.14/turn              (no ring)
MPRegen  0.11/turn              (no ring)

@: quick
A: very small, claws 1, fangs 3, see invisible, speed 1, shaggy fur 2, stealthy
paws, no weapons or thrown items, no armour, multi-lived
a: Renounce Religion, Berserk, Trog's Hand, Brothers in Arms


You were in the Dungeon.
You worshipped Trog.
Trog was extremely pleased with you.
You visited 1 branch You collected 729 gold pieces.

Inventory:

Scrolls
 b - a scroll of amnesia {unknown}
 g - a scroll of holy word {unknown}
Potions
 c - a potion of haste
 d - 2 potions of magic
 e - a potion of berserk rage
 f - a potion of attraction {unknown}


   Skills:
 + Level 10.4 Fighting
 + Level 13.1 Dodging
 + Level 21.7 Stealth
 + Level 10.4 Unarmed Combat


You had 7 spell levels left.
You didn't know any spells.
Your spell library was empty.

Dungeon Overview and Level Annotations

Branches:
Dungeon (1/1)

Altars:
Cheibriados
Dithmenos
Elyvilon
Fedhas
Gozag
Hepliaklqana
Kikubaaqudgha
Makhleb
Nemelex Xobeh
Okawaru
Qazlal
Ru
Sif Muna
Trog
Uskayaw
Vehumet
Wu Jian
Xom
Yredelemnul
Zin
The Shining One
Jiyva
Lugonu

Shops:
D !


Innate Abilities, Weirdness & Mutations

You have sharp claws.
You have razor-sharp teeth.
You have supernaturally acute eyesight. (SInv)
You cover ground quickly. (Speed+)
You are covered in thick fur. (AC +2)
Your paws help you pounce on unaware monsters.
You are incapable of wielding weapons or throwing items.
You cannot wear armour.
You gain extra lives every three experience levels.


Message History

Your ogre hits the demonic crawler with a +0 giant club!
Unknown command.
Unknown command.
Are you sure you want to stumble around while confused and next to your ogre?
Okay, then.
Unknown command.
Unknown command.
Are you sure you want to stumble around while confused and next to your ogre?
You bump into the stone wall.
You are engulfed in noxious fumes.
You die...
The demonic crawler hits your ogre but does no damage.
The demonic crawler hits your ogre! The demonic crawler hits your ogre.
Your ogre hits the demonic crawler with a +0 giant club!!
You are now level 8!
You rejoin the land of the living...
Unknown command.
Really walk into that cloud of freezing vapour?
Okay, then.
Unknown command.
Unknown command.
Unknown command.
Really walk into that cloud of freezing vapour?
You are engulfed in freezing vapours.
You hear a shout!
Unknown command.
You see here a +0 hunting sling.
Unknown command.
Unknown command.
Unknown command.
You hear a shout!
Unknown command.
Unknown command.
Trog accepts your kill.
You feel a bit more experienced.
Unknown command.
You are engulfed in freezing vapours.
* * * LOW HITPOINT WARNING * * *
Unknown command.
You are engulfed in freezing vapours.
You die...

§§..'†.#O°.○.#.°.###
§§§§#..#.^○°.'...$$#
+#####'###°°.#^....#
#.§$#...###++##
###§#.°###..##
#.#..####.$# #
#$##+#$$#).#°### #s#
#$$$○$$$$$# +§#
#$$$@$$$$$# #§#
+$$○$$$#### #.#
##$$$### +§# #####


There were no monsters in sight!

Vanquished Creatures
  A lorocyproca (D)
  2 centaur warriors (D)
  An oklob plant (D)
  A gargoyle (D)
  2 kobold demonologists (D)
  A slime creature (D)
  A hornet (D)
  Sigmund (D)
  A redback (D)
  A yak (D)
  A floating eye (D)
  An ogre (D)
  A jelly (D)
  Ijyb (D)
16 creatures vanquished.

Vanquished Creatures (collateral kills)
  A demonic crawler (D)
1 creature vanquished.

Grand Total: 17 creatures vanquished

Notes
Turn   | Place    | Note
-------+----------+-------------------------------------------
     0 | D        | Groucho the Felid Berserker began the quest for the Orb.
     0 | D        | Reached XP level 1. HP: 10/10 MP: 2/2
     2 | D        | Noticed Ijyb
    13 | D        | Killed Ijyb
    14 | D        | Reached skill level 8 in Stealth
    14 | D        | Reached XP level 2. HP: 14/14 MP: 3/3
   274 | D        | Noticed an ogre
   281 | D        | Killed an ogre
   282 | D        | Reached skill level 12 in Stealth
   282 | D        | Reached XP level 3. HP: 17/17 MP: 4/4
   282 | D        | Reached XP level 4. HP: 21/21 MP: 5/5
   334 | D        | Noticed Sigmund
   336 | D        | Killed Sigmund
   336 | D        | Reached ** piety under Trog
   337 | D        | Reached skill level 16 in Stealth
   337 | D        | Reached XP level 5. HP: 24/24 MP: 6/6
   337 | D        | Gained mutation: You are covered in thick fur. (AC +2)
                  | [Felid growth]
   337 | D        | Reached XP level 6. HP: 28/28 MP: 7/7
   359 | D        | Found a shimmering blue altar of Sif Muna.
   360 | D        | Found an ornate altar of the Wu Jian Council.
   361 | D        | Found a radiant altar of Vehumet.
   381 | D        | Found Zaupir Booqo's Distillery.
   381 | D        | Found an ancient bone altar of Kikubaaqudgha.
   381 | D        | Found a hazy altar of Hepliaklqana.
   381 | D        | Found a stormy altar of Qazlal.
   381 | D        | Found a hide-covered altar of Uskayaw.
   381 | D        | Found a blossoming altar of Fedhas.
   381 | D        | Found a bloodstained altar of Trog.
   381 | D        | Found an iron altar of Okawaru.
   381 | D        | Found a basalt altar of Yredelemnul.
   381 | D        | Found a glowing golden altar of the Shining One.
   381 | D        | Found a snail-covered altar of Cheibriados.
   381 | D        | Found a sacrificial altar of Ru.
   381 | D        | Found a glowing silver altar of Zin.
   381 | D        | Found a shadowy altar of Dithmenos.
   381 | D        | Found a white marble altar of Elyvilon.
   381 | D        | Noticed a yak
   382 | D        | Found an opulent altar of Gozag.
   383 | D        | Killed a yak
   384 | D        | Reached skill level 18 in Stealth
   384 | D        | Found a sparkling altar of Nemelex Xobeh.
   419 | D        | Found a burning altar of Makhleb.
   419 | D        | Found a shimmering altar of Xom.
   419 | D        | Noticed a slime creature
   420 | D        | Found a viscous altar of Jiyva.
   420 | D        | Found a corrupted altar of Lugonu.
   422 | D        | Killed a slime creature
   422 | D        | Reached *** piety under Trog
   423 | D        | Reached skill level 5 in Dodging
   423 | D        | Reached XP level 7. HP: 32/32 MP: 8/8
   436 | D        | Noticed a kobold demonologist
   439 | D        | Noticed a kobold demonologist
   440 | D        | Reached skill level 19 in Stealth
   449 | D        | Killed a kobold demonologist
   450 | D        | Reached skill level 5 in Fighting
   450 | D        | Reached skill level 5 in Unarmed Combat
   450 | D        | Reached XP level 8. HP: 38/38 MP: 9/9
   456 | D        | Killed a kobold demonologist
   456 | D        | Reached **** piety under Trog
   793 | D        | Noticed a centaur warrior
   793 | D        | Noticed a centaur warrior
   794 | D        | Killed a centaur warrior
   795 | D        | Reached skill level 10 in Dodging
   795 | D        | Reached skill level 20 in Stealth
   795 | D        | Killed a centaur warrior
   796 | D        | Reached XP level 9. HP: 45/45 MP: 10/10
   820 | D        | Noticed an oklob plant
   822 | D        | Killed an oklob plant
   822 | D        | Reached ***** piety under Trog
   823 | D        | Reached skill level 21 in Stealth
   834 | D        | Succumbed to a redback's poison
   835 | D        | Reached XP level 8. HP: -1/42 MP: 9/9
   845 | D        | Noticed a meliai
   845 | D        | Noticed a lorocyproca
   847 | D        | Killed a lorocyproca
   848 | D        | Reached skill level 10 in Fighting
   848 | D        | Reached skill level 10 in Unarmed Combat
   848 | D        | Reached XP level 9. HP: 37/46 MP: 10/10
   875 | D        | Noticed a gargoyle
   882 | D        | Killed a gargoyle
   890 | D        | Noticed a demonic crawler
   890 | D        | Noticed a demonic crawler
   890 | D        | Noticed a demonic crawler
   890 | D        | Noticed a demonic crawler
   893 | D        | HP: 1/47 [something (2)]
   894 | D        | Engulfed by a cloud of noxious fumes
   895 | D        | Reached XP level 8. HP: -1/43 MP: 9/9
   903 | D        | Killed a demonic crawler
   905 | D        | Engulfed by a cloud of freezing vapour

Illustrated notes

Levels and vault maps discovered:
D:        dungeon_sprint_1 [red_sonja_temple_1, red_sonja_temple_small_1]

Skill      XL: |  1  2  3  4  5  6  7  8  9 |
---------------+----------------------------+-----
Stealth        | 8 12 16 18 19 20 21 | 21.7
Fighting       | 4 5 10 9 | 10.4
Dodging        | 5 7 12 13 | 13.1
Unarmed Combat | 4 5 10 9 | 10.4

Action                   |  1- 3 |  4- 6 |  7- 9 || total
-------------------------+-------+-------+-------++-------
Melee: Unarmed           |     9 |     4 |    33 ||    46
       Bite              |     1 |       |     1 ||     2
Invok: Berserk           |     2 |       |     2 ||     4
       Brothers in Arms  |       |       |     1 ||     1
  Use: Potion            |       |       |     2 ||     2
       Scroll            |       |       |     1 ||     1
 Stab: Sleeping          |     1 |     4 |     5 ||    10
Armor: Skin              |       |       |     4 ||     4
Dodge: Dodged            |     6 |       |    32 ||    38
